 Dungeon Crawl Stone Soup version 0.30-a0-743-gbfdf073431 (webtiles) character file.

Game seed: 13903166589118308158

431 Majang the Chopper (level 6, -13/52 HPs)
             Began as a Minotaur Gladiator on Feb 5, 2023.
             Was a Follower of Cheibriados.
             Mangled by an ogre
             ... wielding a +0 giant club
              (15 damage)
             ... on level 4 of the Dungeon.
             The game lasted 00:07:12 (3117 turns).

Majang the Chopper (Minotaur Gladiator)             Turns: 3117, Time: 00:07:13

Health: -13/52     AC:  5    Str: 23    XL:     6   Next: 66%
Magic:  6/6        EV: 13    Int:  8    God:    Cheibriados [*.....]
Gold:   168        SH:  0    Dex: 15    Spells: 5/5 levels left

rFire   . . .      SeeInvis .    a - +0 war axe
rCold   . . .      Faith    .    (no shield)
rNeg    . . .      Spirit   .    b - +0 leather armour
rPois   .          Reflect  .    c - +0 hat
rElec   .          Harm     .    (no cloak)
rCorr   .          Rampage  .    s - +0 pair of gloves
Will    .....                    k - +0 pair of boots
Stlth   +                        (no amulet)
HPRegen 0.28/turn                (no ring)
MPRegen 0.10/turn                (no ring)

@: very slow
A: horns 2, retaliatory headbutt
a: Renounce Religion, Bend Time


You were on level 4 of the Dungeon.
You worshipped Cheibriados.
Cheibriados was aware of your devotion.
You visited 1 branch of the dungeon, and saw 4 of its levels.

You collected 258 gold pieces.
You spent 90 gold pieces at shops.

Inventory:

Hand Weapons
 a - a +0 war axe (weapon)
 y - a +0 flail of protection
Missiles
 d - 3 throwing nets (quivered)
 e - a javelin
 t - 6 boomerangs
Armour
 b - a +0 leather armour (worn)
 c - a +0 hat (worn)
 k - a +0 pair of boots (worn)
 s - a +0 pair of gloves (worn)
Jewellery
 j - a +6 ring of dexterity
 u - a ring of protection from cold
Scrolls
 i - 4 scrolls of immolation {unknown}
 l - a scroll of noise {unknown}
 m - a scroll of teleportation {unknown}
 n - a scroll of silence {unknown}
 o - a scroll of identify {unknown}
 q - 4 scrolls of poison {unknown}
 r - a scroll of enchant weapon {unknown}
 x - a scroll of blinking {unknown}
 C - a scroll of amnesia {unknown}
Potions
 f - a potion of heal wounds {unknown}
 g - 2 potions of might {unknown}
 h - a potion of experience {unknown}
 p - a potion of degeneration {unknown}
 v - a potion of curing {unknown}
 w - a potion of invisibility {unknown}
 z - a potion of mutation {unknown}
 A - a potion of haste {unknown}
 B - a potion of brilliance {unknown}


   Skills:
 + Level 4.3 Fighting
 * Level 6.4 Axes
 - Level 2.3 Throwing
 + Level 2.5 Armour
 + Level 4.1 Dodging
 + Level 2.0 Invocations


You had 5 spell levels left.
You didn't know any spells.
Your spell library contained the following spells:

 Spells                   Type           Power      Damage    Failure   Level
 Necrotise                Necr           0%         1d4       45%         1
 Sting                    Tmut/Pois      0%         1d3       45%         1
 Poisonous Vapours        Pois/Air       0%         N/A       58%         2
 Sublimation of Blood     Necr           0%         N/A       58%         2
 Wereblood                Tmut           0%         N/A       58%         2
 Vampiric Draining        Necr           0%         2d6       83%         3
 Olgreb's Toxic Radiance  Pois           0%         N/A       99%         4
 Agony                    Necr           0%         N/A       100%        5
 Summon Hydra             Summ           0%         N/A       100%        7


Dungeon Overview and Level Annotations

Branches:
Dungeon (4/15)
 Temple: D:4-7

Altars:
Cheibriados
Ru

Shops:
D:1 [


Innate Abilities, Weirdness & Mutations

You have a pair of horns on your head.
You reflexively headbutt those who attack you in melee.


Message History

Things that are here:
a +0 whip; a kobold corpse You see here a +0 spear.
An adder comes into view.
The adder hisses angrily.
The adder barely misses you. The adder closely misses you.
You furiously retaliate!
You headbutt the adder! You slash the adder!
You kill the adder!
Cheibriados appreciates the change of pace.
A dart slug comes into view.
The dart slug barely misses you.
You hit the dart slug.
The dart slug is heavily wounded.
The dart slug closely misses you. You furiously retaliate!
You headbutt the dart slug. You hit the dart slug but do no damage.
You headbutt the dart slug.
You kill the dart slug!
You see here a dart slug corpse.
Found a ring mail.
You open the door.
There is an open door here.
An ogre comes into view. It is wielding a +0 giant club.
You hit the ogre.
The ogre is lightly wounded.
The ogre hits you with a +0 giant club!
You hit the ogre. You headbutt the ogre.
The ogre is moderately wounded.
The ogre hits you with a +0 giant club!
You hit the ogre.
The ogre is heavily wounded.
The ogre hits you with a +0 giant club!!
Ouch! That really hurt!
* * * LOW HITPOINT WARNING * * *
You hit the ogre but do no damage. You headbutt the ogre.
The ogre is heavily wounded.
You completely miss the ogre.
The ogre is heavily wounded.
The ogre hits you with a +0 giant club!
You die...

#.#############...
#>................
#.#...............
#.###.##.###.#....
#.# #.##.#........
#.# #.##.....#....
#.# #.##.....#...<
#.# #.##.....#....
#@# #.##.....#....
......O.#
#.##.....#....
#########
#.##.....###..
#.##..<..# #..
#.##.....# #..
#........# #..
####.###.###..
#.....[.......
#.##.#######.#


You could see an ogre.

Vanquished Creatures
  An ogre (D:4)
  A necrophage (D:4)
  An orc priest (D:3)
  A gnoll bouda (D:4)
  2 orc wizards (D:3)
  5 adders
  4 gnolls (D:4)
  2 worms (D:2)
  2 dart slugs
  9 orcs
  10 endoplasms
  2 giant cockroaches
  6 goblins
  4 hobgoblins
  3 jackals (D:4)
  6 kobolds
  3 quokkas
  4 ball pythons
  5 bats
  6 frilled lizards
  3 rats
80 creatures vanquished.

Notes
Turn   | Place    | Note
-------+----------+-------------------------------------------
     0 | D:1      | Majang the Minotaur Gladiator began the quest for the Orb.
     0 | D:1      | Reached XP level 1. HP: 18/18 MP: 0/0
   152 | D:1      | Reached skill level 4 in Axes
   196 | D:1      | Reached XP level 2. HP: 24/25 MP: 1/1
   391 | D:1      | Found Couga's Antique Armour Shoppe.
   773 | D:2      | Reached XP level 3. HP: 27/31 MP: 2/2
   937 | D:2      | Reached skill level 5 in Axes
   954 | D:2      | Found a snail-covered altar of Cheibriados.
   962 | D:2      | Became a worshipper of Cheibriados the Contemplative
  1231 | D:1      | Bought a pair of gloves for 90 gold pieces
  1471 | D:3      | Found a sacrificial altar of Ru.
  1508 | D:3      | Reached XP level 4. HP: 38/38 MP: 3/3
  1512 | D:3      | Reached skill level 1 in Armour
  1517 | D:3      | Reached XP level 5. HP: 24/46 MP: 4/4
  1520 | D:3      | Reached * piety under Cheibriados
  1521 | D:3      | Reached skill level 1 in Invocations
  2385 | D:4      | Reached skill level 6 in Axes
  2385 | D:4      | Reached XP level 6. HP: 28/52 MP: 6/6
  3115 | D:4      | HP: 1/52 [ogre/+0 giant club (34)]
  3117 | D:4      | Mangled by an ogre

Illustrated notes

Levels and vault maps discovered:
D:1:      scummos_arrival_simple_crosswalls, layout_loops_ring, serial_shops,
          shop_statue, glass_columns_a, chequers_serial_rivers_micro_a
D:2:      layout_rooms, basic_altar
D:3:      layout_basic, hangedman_ru_absence
D:4:      layout_basic, interstate_on_off

Skill      XL: |  1  2  3  4  5  6 |
---------------+-------------------+-----
Axes           | 4 5 6 |  6.4
Fighting       | 3 4 |  4.3
Armour         | 1 2 |  2.5
Invocations    | 1 2 |  2.0
Dodging        | 4 |  4.1
Throwing       | |  2.3

Action                     |  1- 3 |  4- 6 || total
---------------------------+-------+-------++-------
  Melee: War axe           |    82 |    70 ||   152
         Headbutt          |    13 |    12 ||    25
         Punch             |     2 |       ||     2
   Stab: Sleeping          |     1 |     1 ||     2
 Armour: Leather armour    |    31 |    13 ||    44
  Dodge: Dodged            |    45 |    52 ||    97

Table legend: (Time is in decaauts)
 A = Elapsed time spent in this place.
 B = Non-inter-level travel time spent in this place.
 C = Inter-level travel time spent in this place.
 D = Time resting spent in this place.
 E = Time spent auto-exploring this place.
 F = Levels seen in this place.
 G = Mean time per level.
                   A        B        C        D        E       F      G
               +--------+--------+--------+--------+--------+-----+--------+
         Total |   3778 |   3617 |    161 |    284 |   2648 |   4 |  944.5 |
       Dungeon |   3778 |   3617 |    161 |    284 |   2648 |   4 |  944.5 |
               +--------+--------+--------+--------+--------+-----+--------+

Top non-repeatable levels by time:
     D:4: 1504 daAuts
     D:3: 918 daAuts
     D:1: 806 daAuts
     D:2: 549 daAuts
